Map: Golden Wall LE

Players

INnoVation

  • Race: Terran Terran
  • Spawn Location: 5:00

Serral - Winner!

  • Race: Zerg Zerg
  • Spawn Location: 7:00

Event: StayAtHomestory Cup #1

VOD

Have the link to the VOD?

Description

Time

  • Played on: April 11, 2020, 6:20 p.m.
  • Length: 14:13

All games in this series

Show
View Real Time Build Order
Export as new Build Order

INnoVation Terran 

Build Orders: Liberator Opening, Reaper Expand 

Get SALT Encoding   

  12  0:00  SCV  
  13  0:13  SCV  
  14  0:17  Supply Depot  
  14  0:25  SCV  
  15  0:38  SCV  
  15  0:40  Barracks  
  16  0:43  Refinery  
  16  0:51  SCV  
  17  1:03  SCV  
  18  1:15  SCV  
  19  1:27  Reaper, Orbital Command  
  20  1:40  Command Center  
  20  1:50  Supply Depot  
  20  1:53  SCV  
  21  1:59  Marine  
  22  2:05  SCV  
  22  2:08  Factory  
  23  2:13  Refinery  
  23  2:17  SCV, Marine  
  25  2:31  SCV  
  25  2:35  Barracks Reactor  
  26  2:43  SCV  
  27  2:52  Orbital Command, Starport  
  27  2:55  SCV  
  28  3:07  SCV  
  28  3:12  Command Center  
  29  3:18  SCV  
  29  3:19  SCV  
  31  3:21  Hellion  
  31  3:24  Hellion  
  35  3:30  Viking  
  35  3:33  SCV  
  38  3:35  SCV  
  38  3:38  Supply Depot  
  39  3:46  Hellion  
  39  3:47  Hellion  
  43  3:48  SCV x2  
  43  3:54  Barracks Tech Lab  
  45  3:59  Supply Depot  
  45  4:01  Liberator  
  48  4:05  SCV x2  
  48  4:09  Hellion  
  52  4:12  Hellion  
  54  4:18  Armory  
  54  4:21  SCV x2  
  56  4:25  Orbital Command  
  56  4:32  Hellion  
  56  4:33  Hellion  
  56  4:36  SCV, Supply Depot  
  61  4:39  SCV  
  61  4:43  Stimpack  
  65  4:53  SCV x3  
  68  5:02  Marine  
  68  5:04  Factory Reactor, Barracks  
  66  5:07  Engineering Bay  
  66  5:08  Engineering Bay  
  66  5:09  Refinery, Barracks  
  66  5:12  SCV x3  
  69  5:17  Starport Reactor, Refinery  
  69  5:20  Marine  
  70  5:24  SCV x2  
  59  5:30  SCV  
  59  5:35  Terran Infantry Weapons Level 1  
  58  5:36  SCV x2  
  58  5:37  Terran Infantry Armor Level 1  
  58  5:38  Marine  
  58  5:41  Barracks  
  59  5:43  Widow Mine x2  
  59  5:48  Barracks  
  61  5:53  Missile Turret x2  
  61  5:54  Missile Turret  
  61  5:56  Marine  
  59  5:57  Marine  
  59  5:58  Marine  
  59  5:59  Missile Turret  
  59  6:02  SCV x3, Starport Reactor  
  59  6:03  Marine  
  65  6:05  Widow Mine  
  65  6:07  Widow Mine  
  69  6:13  Marine  
  69  6:14  Supply Depot, Marine  
  69  6:15  Marine x2  
  73  6:21  SCV x2, Marine  
  73  6:24  Supply Depot x2  
  73  6:25  Combat Shield  
  76  6:32  Barracks Reactor  
  76  6:35  Barracks Reactor, Marine x3  
  76  6:36  Marine  
  76  6:37  Orbital Command  
  76  6:39  Marine  
  85  6:42  SCV x2  
  85  6:46  Supply Depot  
  87  6:47  Widow Mine x2  
  87  6:53  Marine x4  
  95  6:55  SCV x2  
  95  6:56  Marine  
  95  7:00  Medivac x2  
  97  7:09  Widow Mine  
  97  7:10  Missile Turret, Widow Mine, Marine  
  97  7:11  Marine x3  
  97  7:13  Marine  
  97  7:14  Marine x4  
  110  7:22  Supply Depot  
  110  7:24  Supply Depot  
  110  7:29  Medivac  
  110  7:30  SCV x3, Medivac  
  110  7:33  Terran Infantry Weapons Level 2  
  110  7:36  Terran Infantry Armor Level 2  
  117  7:46  Supply Depot x2  
  117  7:48  Refinery, Marine x2  
  117  7:50  Factory  
  117  7:51  Marine  
  117  7:53  Marine  
  117  7:54  Marine x3  
  117  7:55  Marine  
  123  8:01  Widow Mine x2  
  126  8:09  Marine x4  
  126  8:11  Marine  
  126  8:12  Marine x3  
  127  8:16  Terran Vehicle And Ship Armor Level 1  
  127  8:19  Marine  
  128  8:25  Medivac x2  
  128  8:26  Command Center  
  131  8:31  Supply Depot, Marine x2  
  131  8:32  Supply Depot, Marine  
  134  8:37  Marine x4  
  134  8:45  Widow Mine x2, Factory Tech Lab  
  128  8:52  Marine  
  128  8:53  Marine x4  
  128  8:54  Marine  
  128  8:55  Marine x3  
  131  8:58  Medivac x2  
  134  9:05  Drilling Claws  
  134  9:08  Thor  
  132  9:10  Marine  
  132  9:11  Marine x4  
  135  9:23  Barracks x2  
  135  9:24  Widow Mine x2, Barracks  
  137  9:30  Missile Turret  
  138  9:33  Missile Turret  
  138  9:36  Marine x6  
  144  9:42  SCV x3  
  144  9:43  Missile Turret  
  145  9:51  Widow Mine x2  
  149  9:55  Marine x7  
  149  9:59  Marine x2  
  158  10:05  SCV x3  
  157  10:12  Marine x3  
  157  10:13  Marine x4  
  162  10:18  SCV  
  162  10:19  SCV  
  162  10:20  Planetary Fortress  
  155  10:25  SCV  
  149  10:30  SCV, Barracks Tech Lab x2  
  149  10:34  SCV  
  149  10:37  SCV, Barracks Tech Lab  
  149  10:41  Missile Turret  
  150  10:42  SCV  
  150  10:45  Medivac  
  150  10:46  Thor  
  150  10:48  Widow Mine  
  159  10:53  SCV x2  
  159  10:54  Missile Turret  
  159  10:55  SCV  
  162  10:59  Terran Infantry Weapons Level 3  
  162  11:11  Marauder x3, Marine x5  
  162  11:12  Marine  
  162  11:15  SCV x3  
  173  11:20  Missile Turret  
  173  11:23  Orbital Command  
  173  11:24  Medivac  
  154  11:37  Factory Reactor, Marauder x2  
  146  11:40  SCV x3, Marine  
  146  11:41  Marine x9  
  156  11:53  SCV x3  
  159  11:58  Marine  
  149  12:02  Command Center  
  149  12:05  SCV x3  
  152  12:10  Medivac  
  152  12:14  Medivac  
  156  12:17  SCV  
  156  12:19  SCV x2  
  156  12:29  SCV  
  157  12:31  SCV x2  
  159  12:38  Missile Turret  
  159  12:41  SCV  
  159  12:43  SCV, Orbital Command  
  121  12:52  Widow Mine  
  121  12:57  Medivac x2  
  121  12:58  Marine  
  118  12:59  Marauder x3  
  118  13:00  Orbital Command  
  118  13:01  Marine  
  118  13:04  Marine  
  118  13:08  SCV  
  119  13:17  Planetary Fortress  
  119  13:23  SCV x2  
  121  13:28  SCV  
  122  13:35  SCV  
  122  13:39  Marauder  
  122  13:40  Marauder x2  
  129  13:42  Missile Turret, Marine x2  
  120  13:49  Marine x6  
  120  13:50  Marine  
Show
View Real Time Build Order
Export as new Build Order

Serral Zerg - Winner!

Build Orders: Hatch First, Muta Ling Bane, Zergling Baneling 

Get SALT Encoding   

  12  0:00  Drone  
  13  0:12  Overlord  
  13  0:17  Drone  
  14  0:31  Drone x2  
  16  0:49  Hatchery  
  15  0:52  Drone  
  15  0:55  Drone  
  17  0:59  Drone  
  18  1:09  Extractor  
  17  1:15  Spawning Pool  
  17  1:18  Drone  
  17  1:21  Drone  
  18  1:28  Drone  
  19  1:38  Drone  
  20  1:49  Overlord  
  20  2:01  Queen x2  
  20  2:02  Zergling x4  
  26  2:11  Drone  
  26  2:12  Drone, Metabolic Boost  
  28  2:22  Drone x2  
  30  2:33  Drone x2  
  32  2:37  Queen  
  32  2:40  Queen  
  36  2:45  Overlord  
  36  2:50  Overlord  
  36  3:04  Drone x2  
  36  3:05  Drone  
  39  3:06  Drone  
  39  3:08  Drone  
  39  3:09  Drone x2  
  39  3:11  Drone x2  
  45  3:18  Lair  
  45  3:21  Extractor  
  45  3:24  Drone x2  
  46  3:37  Hatchery  
  46  3:39  Overlord  
  46  3:40  Drone  
  46  3:43  Drone  
  46  3:44  Drone  
  46  3:46  Drone  
  46  3:48  Drone  
  50  3:50  Drone  
  50  3:51  Drone  
  50  3:55  Extractor  
  51  3:56  Extractor  
  51  3:58  Drone, Baneling Nest  
  51  4:01  Drone  
  52  4:02  Drone  
  52  4:07  Drone x2  
  54  4:13  Drone  
  54  4:16  Spire  
  54  4:21  Overseer  
  54  4:22  Overlord  
  54  4:25  Zergling x4  
  54  4:29  Overlord  
  56  4:32  Overlord  
  56  4:36  Zergling x6  
  59  4:40  Overlord  
  59  4:47  Queen  
  59  4:49  Baneling x6  
  61  4:53  Baneling x2  
  61  4:58  Zergling x8  
  65  5:02  Zergling x4  
  67  5:17  Baneling x2  
  63  5:27  Drone x2  
  57  5:29  Mutalisk x2, Spore Crawler  
  57  5:30  Mutalisk x2  
  66  5:36  Drone x2  
  66  5:40  Mutalisk  
  70  5:47  Drone  
  69  6:00  Mutalisk x2  
  69  6:01  Drone  
  69  6:02  Drone x3  
  77  6:05  Drone x3  
  80  6:12  Centrifical Hooks  
  80  6:13  Evolution Chamber  
  80  6:14  Evolution Chamber  
  80  6:16  Drone x2  
  78  6:20  Drone x2  
  78  6:24  Mutalisk  
  82  6:26  Overlord  
  82  6:28  Overlord  
  82  6:36  Extractor x2  
  80  6:41  Drone x2  
  80  6:42  Zerg Melee Weapons Level 1  
  80  6:43  Zerg Ground Armor Level 1  
  80  6:45  Overlord  
  80  6:46  Drone x3  
  85  6:47  Drone  
  85  6:49  Drone  
  85  6:50  Drone  
  85  6:52  Drone x2  
  90  6:54  Overlord  
  90  7:00  Overlord  
  90  7:01  Zerg Flyer Weapons Level 1  
  90  7:10  Mutalisk x2, Drone x2  
  90  7:12  Zergling x4  
  90  7:15  Zergling x8  
  102  7:24  Overseer  
  102  7:25  Overlord, Mutalisk x2  
  102  7:27  Zergling x6  
  102  7:29  Drone  
  110  7:31  Overlord  
  110  7:32  Overlord  
  110  7:37  Baneling x5  
  110  7:38  Baneling x2  
  110  7:40  Zergling x6  
  113  7:50  Hatchery  
  113  7:51  Mutalisk x2  
  111  7:55  Baneling  
  111  7:56  Zergling x8  
  119  8:06  Zergling x14  
  119  8:09  Baneling x10  
  124  8:16  Pneumatized Carapace  
  124  8:18  Zergling x12  
  124  8:19  Zergling x2  
  131  8:22  Overlord  
  131  8:23  Overlord  
  131  8:26  Overlord  
  131  8:29  Overlord  
  131  8:33  Mutalisk  
  133  8:36  Baneling x11  
  130  8:41  Zergling x10  
  130  8:42  Zergling x2  
  129  8:53  Zergling x18  
  127  8:56  Overseer  
  125  9:02  Mutalisk  
  125  9:03  Mutalisk x2  
  127  9:13  Zergling x18  
  136  9:18  Zerg Ground Armor Level 2  
  136  9:20  Zerg Melee Weapons Level 2  
  136  9:29  Drone x6  
  142  9:34  Baneling x4  
  142  9:42  Zergling x18  
  151  9:46  Baneling x6  
  151  9:47  Baneling  
  151  9:51  Drone x3  
  151  9:52  Drone  
  153  10:00  Mutalisk x3  
  153  10:06  Baneling x5  
  158  10:08  Zergling x14  
  158  10:12  Zergling x8  
  167  10:18  Baneling x7  
  165  10:34  Zergling x22  
  176  10:43  Zerg Flyer Weapons Level 2  
  176  10:45  Overlord  
  176  10:46  Overlord x3  
  176  10:47  Overlord  
  176  10:53  Baneling x21  
  176  10:58  Baneling x2  
  176  11:04  Zergling x10  
  181  11:05  Hatchery  
  181  11:06  Zergling x12  
  185  11:20  Zergling x2, Baneling x6  
  185  11:21  Zergling x22  
  196  11:30  Zergling x6  
  196  11:31  Zergling x4  
  172  11:42  Zergling x20  
  180  11:47  Baneling x9  
  180  11:50  Zergling x6  
  182  11:55  Zergling x2  
  182  11:56  Zergling x4  
  174  12:01  Zergling x2  
  174  12:02  Zergling x12  
  174  12:03  Baneling x4  
  174  12:04  Baneling x3  
  174  12:08  Drone x2  
  182  12:09  Infestation Pit, Overlord x2  
  182  12:11  Baneling  
  182  12:12  Baneling x5  
  182  12:13  Overseer  
  182  12:14  Zergling x6  
  184  12:20  Zergling x12  
  190  12:24  Overlord  
  189  12:32  Baneling x5  
  186  12:38  Zergling x24  
  166  12:53  Zergling x14  
  166  12:54  Zergling x8  
  166  12:56  Hive  
  166  12:57  Overseer  
  166  12:58  Overlord  
  175  12:59  Mutalisk  
  175  13:00  Mutalisk x4  
  175  13:03  Zergling x6  
  178  13:14  Drone x3, Extractor  
  178  13:15  Drone  
  178  13:16  Baneling x19  
  178  13:18  Zergling x2  
  182  13:29  Zergling x20  
  192  13:35  Baneling x4  
  192  13:36  Baneling x6  
  192  13:42  Zergling x16  
  195  13:50  Zergling x4  
  195  13:51  Zergling x6  
  195  13:55  Baneling x13  
Tags
 
Add a new tag
Caveats
  • Supply blocks, unpowered buildings, or Contaminate may cause inaccurate times.
  • Supply counts are checked every 10 seconds.